Match 34339905
Unlisted

Match 34339905
End
Construct Section Command Post
Royal Engineer Section
Infantry Section
Infantry Section
Infantry Section
Construct Field Infirmary
Grenade Package
Selects Air and Sea Battlegroup
Selects Supply Surplus
Construct Platoon Command Post
Infantry Training
Unlock Bishop Self-propelled Artillery
Bishop Self-propelled Artillery
6-pounder Anti-tank Gun Team
Bishop Self-propelled Artillery
Selects Centaur Medium Tank
Armored Vehicle Training
Selects Commando Section Paradrop
Centaur Medium Tank
Commando Section Paradrop
Selects Naval Bombardment
Commando Section Paradrop
Naval Bombardment
Construct Company Command Post
6-pounder Anti-tank Gun Team
Unlock M3 Grant Medium Tanks
Naval Bombardment
Selects Commando Support Section Paradrop
Selects Anti-tank Rocket Loiter
Anti-tank Rocket Loiter
M3 Grant Medium Tank
M3 Grant Medium Tank
Naval Bombardment
M3 Grant Medium Tank
Infantry Section
Anti-tank Rocket Loiter
Royal Engineer Section
Infantry Section
Anti-tank Rocket Loiter
Royal Engineer Section
Anti-tank Rocket Loiter
Commando Support Section Paradrop
King Kala
NA
deadsadbadmad
kluwejo
0
0

Comments sign in to comment!

No comments posted yet!